Map: [ESL] Tropical Sacrifice

Players

ByuN

  • Race: Terran Terran
  • Spawn Location: 1:00

MaxPax - Winner!

  • Race: Protoss Protoss
  • Spawn Location: 7:00

VOD

Have the link to the VOD?

Description

Time

  • Played on: Nov. 5, 2022, 6:46 a.m.
  • Length: 9:38
Show
View Real Time Build Order
Export as new Build Order

ByuN Terran 

Build Orders: Cyclone Opening 

Get SALT Encoding   

  12  0:00  SCV  
  13  0:12  SCV  
  14  0:19  Supply Depot  
  14  0:25  SCV  
  15  0:41  Barracks  
  15  0:42  SCV  
  16  0:47  Refinery  
  16  0:54  SCV  
  17  0:57  Refinery  
  17  1:06  SCV  
  18  1:18  SCV  
  19  1:28  Reaper  
  19  1:31  Orbital Command  
  20  1:44  Factory  
  20  1:50  Supply Depot  
  20  1:56  SCV  
  21  2:09  SCV  
  22  2:21  SCV  
  23  2:27  Factory Tech Lab  
  23  2:33  SCV  
  23  2:34  Command Center  
  24  2:41  Supply Depot  
  24  2:49  Cyclone  
  27  2:53  SCV  
  28  2:59  Starport  
  28  3:05  SCV  
  29  3:17  SCV  
  30  3:24  Cyclone  
  33  3:30  SCV  
  33  3:33  Command Center  
  33  3:37  Barracks Reactor  
  33  3:42  SCV  
  33  3:47  Orbital Command  
  34  3:54  SCV  
  35  4:03  Factory Tech Lab  
  35  4:06  SCV  
  36  4:12  Raven  
  35  4:18  SCV x2  
  35  4:20  Marine  
  35  4:21  Marine  
  36  4:30  Cyclone  
  36  4:31  SCV x2  
  41  4:38  Marine  
  40  4:39  Marine  
  40  4:43  SCV  
  42  4:47  SCV  
  41  4:55  SCV  
  41  4:56  Marine  
  41  4:57  Marine  
  42  5:00  SCV  
  42  5:07  SCV  
  42  5:12  Orbital Command  
  42  5:14  SCV  
  42  5:18  Raven  
  42  5:20  SCV  
  45  5:25  Marine x2  
  45  5:26  SCV  
  48  5:29  Refinery  
  48  5:32  SCV  
  48  5:37  SCV, Siege Tank  
  48  5:38  SCV  
  53  5:44  SCV  
  53  5:45  Marine  
  53  5:46  Marine  
  56  5:50  SCV x2  
  56  5:51  Barracks  
  56  5:52  Barracks  
  56  5:56  SCV  
  59  5:58  Supply Depot  
  59  6:01  Engineering Bay  
  59  6:02  SCV x2  
  59  6:03  Marine  
  62  6:04  Marine  
  62  6:06  Engineering Bay  
  62  6:08  SCV  
  63  6:14  SCV x2  
  63  6:18  Refinery  
  65  6:20  Supply Depot, SCV, Starport Reactor  
  65  6:22  Barracks  
  65  6:25  Barracks  
  66  6:26  SCV x2, Factory Reactor  
  63  6:32  SCV  
  63  6:35  Terran Infantry Armor Level 1, Terran Infantry Weapons Level 1  
  63  6:36  Marine  
  63  6:39  SCV x2  
  67  6:40  Missile Turret  
  67  6:45  SCV  
  68  6:51  SCV x2  
  67  6:54  Marine x2  
  67  6:57  SCV, Medivac x2  
  74  7:03  SCV x2, Marauder  
  74  7:04  Barracks Tech Lab  
  78  7:09  SCV  
  78  7:10  Armory, Siege Tank  
  78  7:11  Supply Depot  
  78  7:13  Barracks Tech Lab  
  78  7:15  SCV  
  83  7:19  Supply Depot  
  83  7:23  Combat Shield  
  83  7:24  Missile Turret  
  83  7:27  Marine x2  
  83  7:28  Stimpack  
  85  7:33  SCV x2  
  85  7:34  Supply Depot  
  85  7:35  Orbital Command  
  87  7:37  Marauder  
  87  7:38  Supply Depot, Marauder  
  87  7:40  Marauder  
  93  7:45  SCV x2  
  93  7:50  Missile Turret  
  95  7:53  Marine x2  
  95  7:54  Marine x2  
  95  7:57  SCV x2  
  95  7:58  Siege Tank  
  103  8:03  Missile Turret  
  103  8:06  SCV  
  103  8:09  SCV x2  
  106  8:14  Supply Depot x2  
  106  8:15  Marauder x3  
  106  8:19  Medivac  
  114  8:20  Medivac, Marine  
  114  8:26  Supply Depot  
  117  8:27  Supply Depot  
  117  8:35  Marine x3  
  117  8:36  SCV x3, Siege Tank, Refinery x2  
  126  8:42  Marauder x2, Marine  
  126  8:43  Marauder  
  126  8:47  Supply Depot  
  133  8:50  SCV x3  
  134  8:59  Marine x2  
  134  9:02  SCV x3  
  123  9:04  Marauder x3  
  104  9:14  SCV x3  
Show
View Real Time Build Order
Export as new Build Order

MaxPax Protoss - Winner!

Build Orders: 1 Gate Expand, Phoenix Opening, Mass Phoenix 

Get SALT Encoding   

  12  0:00  Probe  
  13  0:12  Probe  
  14  0:18  Pylon  
  14  0:24  Probe (Chrono Boost)  
  15  0:37  Gateway, Probe (Chrono Boost)  
  16  0:45  Probe (Chrono Boost)  
  16  0:46  Assimilator  
  17  0:51  Probe  
  18  1:03  Probe  
  19  1:15  Probe  
  20  1:24  Cybernetics Core  
  20  1:34  Nexus  
  20  1:36  Probe  
  21  1:43  Pylon  
  21  1:48  Probe  
  21  1:51  Assimilator  
  22  1:59  Stalker (Chrono Boost)  
  22  2:00  Probe  
  25  2:12  Probe  
  25  2:25  Shield Battery  
  25  2:26  Probe  
  26  2:33  Stargate  
  26  2:38  Probe (Chrono Boost)  
  26  2:44  Stalker  
  30  2:51  Probe (Chrono Boost)  
  30  2:52  Probe (Chrono Boost)  
  30  2:57  Warp Gate  
  31  2:59  Probe (Chrono Boost)  
  31  3:02  Probe (Chrono Boost)  
  31  3:04  Probe (Chrono Boost)  
  32  3:10  Probe  
  34  3:14  Probe  
  34  3:16  Phoenix (Chrono Boost)  
  37  3:22  Probe  
  37  3:26  Probe  
  39  3:33  Phoenix (Chrono Boost)  
  40  3:34  Probe  
  40  3:37  Pylon  
  40  3:38  Probe  
  43  3:46  Robotics Facility, Probe  
  44  3:50  Probe  
  45  3:58  Probe  
  45  3:59  Assimilator  
  45  4:02  Probe  
  47  4:03  Assimilator  
  47  4:04  Phoenix (Chrono Boost)  
  49  4:10  Probe  
  49  4:14  Probe  
  51  4:21  Phoenix (Chrono Boost)  
  51  4:22  Probe  
  54  4:28  Pylon  
  54  4:39  Pylon  
  54  4:45  Nexus  
  54  4:46  Observer, Probe x2  
  54  4:51  Phoenix (Chrono Boost)  
  59  4:58  Probe x2  
  57  5:10  Probe x2 (Chrono Boost)  
  59  5:14  Robotics Bay  
  59  5:15  Phoenix (Chrono Boost)  
  63  5:22  Shield Battery, Probe x2 (Chrono Boost)  
  63  5:24  Gateway  
  63  5:27  Gateway  
  63  5:29  Probe x2 (Chrono Boost)  
  63  5:31  Phoenix  
  67  5:36  Probe x2  
  69  5:44  Pylon  
  69  5:52  Forge  
  69  5:54  Probe  
  69  5:56  Phoenix (Chrono Boost), Probe  
  73  5:57  Sentry, Pylon  
  73  5:58  Probe  
  73  6:02  Colossus (Chrono Boost)  
  76  6:07  Probe  
  76  6:09  Probe  
  76  6:10  Probe  
  84  6:12  Phoenix (Chrono Boost)  
  86  6:19  Probe  
  86  6:20  Extended Thermal Lance (Chrono Boost)  
  86  6:21  Probe  
  86  6:22  Twilight Council  
  86  6:24  Probe  
  89  6:31  Probe  
  88  6:33  Probe  
  88  6:36  Probe, Pylon  
  90  6:40  Assimilator  
  90  6:43  Assimilator  
  90  6:46  Protoss Ground Weapons Level 1 (Chrono Boost)  
  90  6:48  Colossus (Chrono Boost)  
  96  6:57  Charge (Chrono Boost)  
  96  6:59  Gateway  
  96  7:00  Gateway  
  96  7:03  Gateway  
  96  7:04  Gateway  
  96  7:08  Gateway  
  96  7:10  Zealot, Probe x2  
  96  7:11  Zealot  
  102  7:19  Pylon  
  102  7:21  Templar Archives  
  102  7:22  Nexus  
  102  7:24  Probe  
  103  7:32  Warp Prism (Chrono Boost)  
  103  7:36  Probe  
  106  7:37  Probe  
  107  7:46  Pylon  
  107  7:47  Probe  
  107  7:49  Zealot x2, Gateway  
  107  7:50  Gateway, Pylon  
  112  7:52  Probe  
  112  7:56  Zealot x2  
  117  8:03  Pylon  
  117  8:05  Observer, Photon Cannon  
  118  8:10  Probe x2  
  118  8:11  Probe, Pylon  
  121  8:15  Pylon  
  121  8:16  High Templar  
  121  8:17  High Templar x5  
  133  8:22  Archon x3  
  133  8:23  Zealot, Pylon  
  133  8:24  Shield Battery  
  135  8:28  Colossus  
  141  8:35  Probe  
  141  8:36  Probe  
  144  8:45  Zealot x4  
  151  8:49  Zealot x5  
  161  9:02  Zealot  
  139  9:10  Zealot x9  
  139  9:14  Probe  
Tags
 
Add a new tag
Caveats
  • Supply blocks, unpowered buildings, or Contaminate may cause inaccurate times.
  • Supply counts are checked every 10 seconds.